 Dungeon Crawl Stone Soup version 0.21.1-1-g345015f (webtiles) character file.

4015 rlgrobin the Skirmisher (level 10, -2/79 HPs)
             Began as a Barachi Monk on Apr 19, 2018.
             Was an Elder of Cheibriados.
             Slain by a yak (15 damage)
             ... on level 9 of the Dungeon.
             The game lasted 00:35:35 (8267 turns).

rlgrobin the Skirmisher (Barachi Monk)              Turns: 8267, Time: 00:35:36

Health: -2/79      AC:  6    Str: 26    XL:     10   Next: 23%
Magic:  14/15      EV: 21    Int: 22    God:    Cheibriados [****..]
Gold:   623        SH:  8    Dex: 34    Spells: 14/16 levels left

rFire    . . .     SeeInvis .   t - +0 war axe
rCold    . . .     Gourm    .   k - +0 buckler
rNeg     . . .     Faith    +   i - +0 ring mail
rPois    .         Spirit   .   (no helmet)
rElec    .         Reflect  .   e - scarf {repulsion}
rCorr    .         Harm     .   (no gloves)
MR       .....     Clarity  +   (no boots)
Stlth    +++++.....             q - amulet of faith {!P}
HPRegen  0.23/turn              x - +2 ring of dexterity
MPRegen  0.14/turn              (no ring)

@: agile, can't hop, repel missiles, very slow
A: +LOS, swims, thin skeletal structure 1, clarity, clever 1, slowness 1, strong
legs 1
a: Hop, Bend Time, Temporal Distortion, Slouch, Renounce Religion


You were on level 9 of the Dungeon.
You worshipped Cheibriados.
Cheibriados was greatly pleased with you.
You were not hungry.

You visited 1 branch of the dungeon, and saw 9 of its levels.

You collected 623 gold pieces.


Innate Abilities, Weirdness & Mutations

Shadows flee at your approach. (+LOS)
You can swim through water.
You cover ground slowly.
You can hop short distances.
You have a somewhat thin skeletal structure. (Dex +2, Stealth)
You possess an exceptional clarity of mind.
Your mind is acute. (Int +2)


   Skills:
 - Level 7.4 Fighting
 - Level 6.5 Axes
 - Level 6.0 Armour
 - Level 4.6 Dodging
 + Level 4.0 Stealth
 - Level 4.5 Shields
 - Level 3.6 Spellcasting
 - Level 4.0 Transmutations
 - Level 6.6 Invocations


You had 14 spell levels left.
You knew the following spells:

 Your Spells              Type           Power        Failure   Level  Hunger
Z - Sticks to Snakes      Tmut           ###.....     4%          2    #......

Inventory:

Hand Weapons
 s - a +1 battleaxe
 t - a +0 war axe (weapon)
 u - the +4 hunting sling "Belub" {flame, -Tele Dex+3 Stlth+}

   It causes projectiles fired from it to burn those they strike, causing extra
   injury to most foes and up to half again as much damage against particularly
   susceptible opponents.
   It affects your dexterity (+3).
   It prevents most forms of teleportation.
   It makes you more stealthy.
Missiles
 f - 77 sling bullets
 j - 80 arrows
Armour
 e - a scarf of repulsion (worn)
 i - a +0 ring mail (worn)
 k - a +0 buckler (worn)
 m - a +0 chain mail
Jewellery
 q - an amulet of faith (around neck) {!P}
 x - a +2 ring of dexterity (left hand)
Wands
 p - a wand of polymorph (7)
Scrolls
 a - 2 scrolls of fear {unknown}
 g - 4 scrolls of remove curse
 h - 3 scrolls of teleportation {unknown}
 l - a scroll of enchant weapon
 n - a scroll of magic mapping {unknown}
 o - 3 scrolls of blinking
 y - a scroll of noise {unknown}
 B - 2 scrolls of fog {unknown}
 E - a scroll of enchant armour {unknown}
 F - a scroll of vulnerability {unknown}
 I - a scroll of summoning {unknown}
Potions
 d - a potion of cancellation
 r - a potion of invisibility {unknown}
 v - 2 potions of lignification {unknown}
 w - a potion of heal wounds {unknown}
 z - 2 potions of curing {@q1}
 A - a potion of degeneration {unknown}
 G - a potion of flight {unknown}
Books
 C - a book of Misfortune

   Spells                             Type                      Level
   a - Confusing Touch                Hexes                        1
   b - Confuse                        Hexes                        3
   c - Gell's Gravitas                Translocation                3
   d - Petrify                        Transmutation/Earth          4
   e - Metabolic Englaciation         Hexes/Ice                    5
   f - Yara's Violent Unravelling     Hexes/Transmutation          5
 D - a book of Changes

   Spells                             Type                      Level
   a - Beastly Appendage              Transmutation                1
   b - Sticks to Snakes               Transmutation                2
   c - Spider Form                    Transmutation/Poison         3
   d - Ice Form                       Ice/Transmutation            4
   e - Blade Hands                    Transmutation                5
Comestibles
 c - 20 rations

Dungeon Overview and Level Annotations

Branches:
Dungeon (9/15)             Temple (0/1) D:4
   Lair: D:8-11         Orc: D:9-12

Altars:
Cheibriados
Dithmenos
Xom
The Shining One

▒......Y.....£...
▒▒▒▒▒▒.Y▒▒....▒▒.
▒.Y.▒.▒▒..▒
▒Y....▒▒▒... ▒▒▒▒▒
▒▒..........▒
▒...▒▒▒..▒.....▒▒.▒
▒...▒▒..▒▒......▒
▒...▒..▒Y.........
▒...▒.▒▒F▒.........
▒........▒.........
▒...▒▒▒▒▒▒.........
▒...▒ ▒.........
▒...▒ ......<.
▒...▒ .. ▒.<.▒ ▒
▒▒▒▒▒


You could see a yak.


Message History

Hop to where?
Boing!!!
The yak is no longer moving slowly!
The jelly quivers!
You block the jelly's attack!
You shave the yak!!!
You annihilate the yak!!!
Cheibriados thoroughly appreciates the change of pace!
Your Stealth skill increases to level 4!!!
You cut the jelly into ribbons!
Your hands burn!!! * * * don't die
* * * You block the jelly's attack!
The jelly misses you!
You take 3 damage, and have 22/79 hp!
You closely miss the yak!
The yak is lightly wounded!
You slice the jelly like a ripe choko!!!
Your hands burn!!! * * * don't die
* * * The jelly misses you!
You block the yak's attack!
You chop the jelly but do no damage!
Your hands burn!!! * * * don't die
* * * The jelly is almost dead!
You shave the yak!!!
The jelly barely misses you! The yak gores you!!! * * * don't die
* * * You take 15 damage, and have 7/79 hp!
You cut the jelly into ribbons!!!
You annihilate the jelly!!!
Cheibriados thoroughly appreciates the change of pace!
You shave the yak but do no damage!
You block the yak's attack!
You feel better! The yak gores you!!! rip

Action                   |  1- 3 |  4- 6 |  7- 9 | 10-12 || total
-------------------------+-------+-------+-------+-------++-------
Melee: Hand axe          |   126 |   125 |       |       ||   251
       War axe           |       |    62 |   164 |    27 ||   253
 Fire: Hunting sling     |    17 |    40 |    62 |    21 ||   140
Invok: Bend Time         |       |       |     1 |     1 ||     2
 Abil: Hop               |       |     2 |     3 |     1 ||     6
Evoke: Wand              |       |       |     5 |       ||     5
  Use: Scroll            |       |     2 |     7 |       ||     9
       Potion            |       |       |     5 |     2 ||     7
 Stab: Sleeping          |     5 |     2 |     7 |       ||    14
       Distracted        |       |       |     1 |       ||     1
  Eat: Chunk             |     2 |     9 |     5 |     2 ||    18
Armor: Robe              |    15 |     2 |       |       ||    17
       Leather armour    |       |    24 |     2 |       ||    26
       Ring mail         |       |       |    30 |     3 ||    33
Dodge: Dodged            |    71 |   126 |   105 |    23 ||   325
       Deflected         |     2 |     3 |     3 |       ||     8
Block: Buckler           |     8 |    46 |    65 |    15 ||   134

Vault maps used:
D:1:      onia_arrival_mini_maze_b
D:2:      tso_altar
D:3:      nicolae_overflow_hidden_temple, first_ration
D:4:      minmay_temple_entry_steel_oval, minmay_fountain_box,
          serial_park_tiny_pond, minmay_statues_item
D:5:      minmay_checkerbox
D:6:      uniq_edmund, uniq_blork_the_orc, uniq_sigmund
D:7:      lemuel_coloured_pillars_altar, uniq_joseph
D:8:      minmay_thick_lines, serial_curves, eino_curves_02, eino_curves_03,
          basic_altar
D:9:      gammafunk_temple_overflow_statue

Notes
Turn   | Place    | Note
-------+----------+-------------------------------------------
     0 | D:1      | rlgrobin the Barachi Monk began the quest for the Orb.
     0 | D:1      | Reached XP level 1. HP: 18/18 MP: 1/1
   153 | D:1      | Reached XP level 2. HP: 23/24 MP: 2/2
   296 | D:1      | Reached skill level 4 in Axes
   809 | D:2      | Reached XP level 3. HP: 28/29 MP: 3/3
  1137 | D:2      | Reached skill level 1 in Shields
  1348 | D:2      | Reached skill level 2 in Shields
  1348 | D:2      | Reached XP level 4. HP: 7/36 MP: 4/4
  1783 | D:2      | Found a glowing golden altar of the Shining One.
  2113 | D:3      | Reached skill level 3 in Shields
  2533 | D:3      | Reached XP level 5. HP: 41/41 MP: 5/5
  2564 | D:3      | Reached skill level 4 in Shields
  3007 | D:3      | Found a snail-covered altar of Cheibriados.
  3248 | D:4      | Got a twisted hunting sling
  3283 | D:4      | Identified the +4 hunting sling "Belub" {flame, -Tele Dex+3 Stlth+} (You took it off an orc on level 4 of the Dungeon)
  3341 | D:3      | Became a worshipper of Cheibriados the Contemplative
  3341 | D:3      | Reached * piety under Cheibriados
  3341 | D:3      | Reached ** piety under Cheibriados
  3444 | D:4      | Reached skill level 1 in Armour
  3603 | D:4      | Reached skill level 4 in Fighting
  3603 | D:4      | Reached XP level 6. HP: 34/48 MP: 6/6
  3669 | D:4      | Found a staircase to the Ecumenical Temple.
  3687 | D:4      | Reached skill level 2 in Armour
  3858 | D:5      | Entered Level 5 of the Dungeon
  3988 | D:5      | Reached skill level 3 in Armour
  4389 | D:5      | Reached *** piety under Cheibriados
  4389 | D:5      | Reached skill level 4 in Armour
  4389 | D:5      | Reached XP level 7. HP: 44/55 MP: 7/7
  4423 | D:5      | Learned a level 2 spell: Sticks to Snakes
  4638 | D:5      | Reached skill level 1 in Invocations
  4918 | D:6      | Noticed a two-headed ogre
  4934 | D:6      | Killed a two-headed ogre
  4934 | D:6      | Reached skill level 5 in Invocations
  4934 | D:6      | Reached XP level 8. HP: 17/61 MP: 8/12
  5288 | D:6      | Reached skill level 6 in Invocations
  5524 | D:6      | Noticed Blork the orc
  5529 | D:6      | Killed Blork the orc
  5691 | D:6      | Noticed Sigmund
  5760 | D:6      | Reached skill level 5 in Fighting
  5879 | D:6      | Noticed Edmund
  5889 | D:6      | Noticed Edmund
  5889 | D:6      | Edmund changed into Edmund the killer bee
  5899 | D:6      | Killed Edmund the killer bee
  5973 | D:6      | Killed Sigmund
  5973 | D:6      | Reached skill level 6 in Fighting
  5973 | D:6      | Reached XP level 9. HP: 52/71 MP: 10/14
  5979 | D:6      | Reached skill level 7 in Fighting
  6132 | D:7      | Reached skill level 5 in Armour
  6184 | D:7      | Reached skill level 4 in Dodging
  6228 | D:7      | Reached **** piety under Cheibriados
  6231 | D:7      | Noticed Joseph
  6405 | D:7      | Reached skill level 6 in Armour
  6429 | D:7      | Gained mutation: Your body sometimes deteriorates upon taking damage. [potion of mutation]
  6429 | D:7      | Gained mutation: Your muscles are strong. (Str +2) [potion of mutation]
  6430 | D:7      | Lost mutation: Your body sometimes deteriorates upon taking damage. [potion of mutation]
  6430 | D:7      | Lost mutation: Your muscles are strong. (Str +2) [potion of mutation]
  6430 | D:7      | Gained mutation: You possess an exceptional clarity of mind. [potion of mutation]
  6430 | D:7      | Gained mutation: Your mind is acute. (Int +2) [potion of mutation]
  6430 | D:7      | Gained mutation: You have a somewhat thin skeletal structure. (Dex +2, Stealth) [potion of mutation]
  6621 | D:7      | Reached skill level 1 in Spellcasting
  6621 | D:7      | Reached skill level 1 in Transmutations
  6676 | D:7      | Killed Joseph
  6676 | D:7      | Reached skill level 2 in Spellcasting
  6676 | D:7      | Reached skill level 2 in Transmutations
  6822 | D:7      | Reached skill level 3 in Transmutations
  6902 | D:7      | Found a shadowy altar of Dithmenos.
  7179 | D:8      | Reached skill level 3 in Spellcasting
  7199 | D:8      | Reached skill level 4 in Transmutations
  7492 | D:8      | Reached skill level 5 in Axes
  7644 | D:8      | Reached XP level 10. HP: 68/79 MP: 15/15
  7824 | D:8      | Reached skill level 6 in Axes
  7833 | D:8      | Reached skill level 2 in Stealth
  8143 | D:8      | Found a shimmering altar of Xom.
  8220 | D:9      | Reached skill level 3 in Stealth
  8263 | D:9      | Reached skill level 4 in Stealth
  8265 | D:9      | HP: 7/79 [yak (13)]
  8267 | D:9      | Slain by a yak

Vanquished Creatures
  A two-headed ogre (D:6)
  Joseph (D:7)
  A hippogriff (D:8)
  Sigmund (D:6)
  A wyvern (D:8)
  2 yaks (D:9)
  A sky beast (D:6)
  A black bear (D:7)
  An ice beast (D:7)
  A phantom (D:7)
  3 ogres
  2 centaurs (D:8)
  Blork the orc (D:6)
  6 bullfrogs
  2 scorpions (D:8)
  A killer bee (D:6)
  6 howler monkeys
  A crimson imp (D:6)
  A centaur zombie (D:8)
  3 bullfrog zombies
  An orc wizard (D:4)
  A centaur skeleton (D:8)
  An orc priest (D:4)
  2 hounds
  2 jellies
  2 iguanas
  3 worker ants
  A hound skeleton (D:8)
  3 gnolls (D:6)
  13 adders
  An ooze (D:3)
  An adder skeleton (D:5)
  3 worms
  6 leopard geckos
  11 orcs
  3 bats
  5 giant cockroaches
  9 hobgoblins
  10 jackals
  11 kobolds
  5 quokkas
  8 frilled lizards
  11 goblins
  4 rats
154 creatures vanquished.
